 Dungeon Crawl Stone Soup version 0.28-a0-1447-ga5a8893891 (webtiles) character file.

Game seed: 11714340912816463772

112868 bladeefan the Warrior (level 16, -1/136 (139) HPs)
             Began as a Demonspawn Fighter on Jan 11, 2022.
             Was the Champion of Makhleb.
             Slain by a salamander (4 damage)
             ... on level 2 of the Snake Pit.
             The game lasted 00:56:14 (37438 turns).

bladeefan the Warrior (Demonspawn Fighter)         Turns: 37438, Time: 00:56:14

HP:   -1/136 (139)  AC: 30    Str: 33    XL:     16   Next: 12%
MP:   23/23         EV:  7    Int: 16    God:    Makhleb [******]
Gold: 1473          SH: 12    Dex: 13    Spells: 15/15 levels left

rFire   + . .      SeeInvis .   O - +10 trident of Uncomfortable Rashes {pain, rElec}
rCold   + . .      Faith    .   R - +0 kite shield {reflect}
rNeg    . . .      Spirit   .   l - +4 plate armour
rPois   +          Reflect  +   A - +2 helmet "Haluabb" {Str+5}
rElec   +          Harm     .   (no cloak)
rCorr   .          Rampage  .   H - +0 pair of gloves
Will    +....                   D - +0 pair of boots of Lugonu's Respect {Int+4 Stlth+}
Stlth   ..........              L - amulet of the acrobat
HPRegen 0.32/turn               C - ring of poison resistance
MPRegen 0.18/turn               c - ring "Diry" {rF+ rC+ Str+6}

@: lethally poisoned (-1 -> -6), slowed, studying Axes, lightly drained, very
slow
A: claws 2, thin metallic scales 3, foul stench 2, icemail 1, condensation
shield
a: Renounce Religion, Minor Destruction, Lesser Servant of Makhleb, Major
Destruction, Greater Servant of Makhleb


You were on level 2 of the Snake Pit.
You worshipped Makhleb.
Makhleb was exalted by your worship.
You visited 5 branches of the dungeon, and saw 26 of its levels.

You collected 2427 gold pieces.
You spent 954 gold pieces at shops.

Inventory:

Hand Weapons
 O - the +10 trident of Uncomfortable Rashes (weapon) {pain, rElec}
   (You acquired it on level 4 of the Dungeon)

   In the hands of one skilled in necromantic magic, it inflicts extra damage on
   living creatures.
   rElec:     It insulates you from electricity.
Armour
 l - a +4 plate armour (worn)
   (You found it on level 2 of the Dungeon)
 A - the +2 helmet "Haluabb" (worn) {Str+5}
   (You acquired it on level 8 of the Dungeon)

   Str:       It affects your strength (+5).
 D - the +0 pair of boots of Lugonu's Respect (worn) {Int+4 Stlth+}
   (You found it on level 11 of the Dungeon)

   Int:       It affects your intelligence (+4).
   Stlth:     It makes you more stealthy.
 H - a +0 pair of gloves (worn)
   (You found it on level 8 of the Dungeon)
 M - the +1 chain mail of Cocytus {rElec Int+2 Dex-3 SInv}
   (You found it on level 12 of the Dungeon)

   Int:       It affects your intelligence (+2).
   Dex:       It affects your dexterity (-3).
   rElec:     It insulates you from electricity.
   SInv:      It lets you see invisible.
 P - +0 fire dragon scales
   (You found it on level 6 of the Lair of Beasts)
 R - a +0 kite shield of reflection (worn)
   (You took it off Donald on level 1 of the Snake Pit)
 U - a +2 buckler of reflection
   (You took it off a tengu warrior on level 15 of the Dungeon)
Jewellery
 c - the ring "Diry" (right hand) {rF+ rC+ Str+6}
   (You bought it in a shop on level 2 of the Orcish Mines)

   [ring of strength]

   Str:       It affects your strength (+6).
   rF:        It protects you from fire.
   rC:        It protects you from cold.
 w - a +4 ring of protection
   (You found it on level 8 of the Dungeon)
 y - a ring of resist corrosion
   (You found it on level 9 of the Dungeon)
 C - a ring of poison resistance (left hand)
   (You took it off a wight on level 10 of the Dungeon)
 E - a +6 ring of strength
   (You found it on level 2 of the Lair of Beasts)
 F - an amulet of faith {!P}
   (You found it on level 15 of the Dungeon)
 K - a ring of ice
   (You took it off Fannar on level 2 of the Lair of Beasts)
 L - an amulet of the acrobat (around neck)
   (You found it on level 3 of the Lair of Beasts)
 Q - a +6 ring of dexterity
   (You found it on level 7 of the Dungeon)
Wands
 f - a wand of mindburst (14)
   (You found it on level 11 of the Dungeon)
 t - a wand of flame (9)
   (You found it on level 4 of the Lair of Beasts)
 u - a wand of paralysis (2)
   (You took it off a naga mage on level 1 of the Snake Pit)
 x - a wand of acid (18)
   (You found it on level 1 of the Lair of Beasts)
Scrolls
 b - 3 scrolls of teleportation {@r4}
 d - 5 scrolls of magic mapping
 e - a scroll of identify {@r1}
 j - 3 scrolls of vulnerability {!r}
 n - 5 scrolls of noise {!r}
 r - a scroll of silence
 v - 6 scrolls of immolation {!r}
 B - 2 scrolls of torment {!r}
 G - 4 scrolls of enchant weapon
 J - 5 scrolls of amnesia
 N - 2 scrolls of fog
 T - a scroll of summoning
Potions
 a - 3 potions of berserk rage
 g - 2 potions of brilliance
 h - 5 potions of resistance
 i - 3 potions of mutation {!q}
 k - 2 potions of haste {@q3}
 m - 3 potions of flight
 o - 2 potions of ambrosia
 p - 5 potions of curing {@q1}
 q - 4 potions of attraction {!q}
 s - 2 potions of magic
 z - 3 potions of lignification {!q}
 I - a potion of cancellation


   Skills:
 + Level 16.5 Fighting
 - Level 2.7 Maces & Flails
 * Level 13.4 Polearms
 + Level 12.4 Armour
 + Level 12.3 Shields
 - Level 10.5 Invocations


You had 15 spell levels left.
You didn't know any spells.
Your spell library contained the following spells:

 Spells                   Type           Power      Damage    Failure   Level
 Animate Skeleton         Necr           0%         N/A       95%         1
 Magic Dart               Conj           0%         1d3       95%         1
 Pain                     Necr           0%         1d4       95%         1
 Call Imp                 Summ           0%         N/A       99%         2
 Corpse Rot               Necr/Air       0%         N/A       99%         2
 Confusing Touch          Hex            0%         N/A       100%        3
 Gell's Gravitas          Tloc           0%         N/A       100%        3
 Mephitic Cloud           Conj/Pois/Air  0%         N/A       100%        3
 Ozocubu's Armour         Ice            0%         N/A       100%        3
 Stone Arrow              Conj/Erth      0%         3d7       100%        3
 Summon Guardian Golem    Hex/Summ       0%         N/A       100%        3
 Teleport Other           Tloc           0%         N/A       100%        3
 Tukima's Dance           Hex            0%         N/A       100%        3
 Vampiric Draining        Necr           0%         2d6       100%        3
 Anguish                  Hex/Necr       0%         N/A       100%        4
 Animate Armour           Summ/Erth      0%         N/A       100%        4
 Dispel Undead            Necr           0%         3d6       100%        4
 Fulminant Prism          Conj/Hex       0%         3d6       100%        4
 Iskenderun's Mystic Bla  Conj/Tloc      0%         2d3       100%        4
 Passage of Golubria      Tloc           0%         N/A       100%        4
 Lee's Rapid Deconstruct  Erth           0%         3d5*      100%        5
 Summon Forest            Summ/Tloc      0%         N/A       100%        5
 Summon Mana Viper        Hex/Summ       0%         N/A       100%        5
 Yara's Violent Unravell  Hex/Tmut       0%         3d3       100%        5
 Death Channel            Necr           0%         N/A       100%        6
 Summon Cactus Giant      Summ           0%         N/A       100%        6
 Enfeeble                 Hex            0%         N/A       100%        7
 Ozocubu's Refrigeration  Ice            0%         4d5       100%        7
 Lehudib's Crystal Spear  Conj/Erth      0%         10d2      100%        8


Dungeon Overview and Level Annotations

Branches:
Dungeon (15/15)            Temple (1/1) D:7            Lair (6/6) D:11
  Snake (2/4) Lair:4       Spider (0/4) Lair:4        Slime (0/5) Lair:6
    Orc (2/2) D:10            Elf (0/3) Orc:2        Vaults (0/5) D:14
 Depths (0/4) D:15

Altars:
Ashenzari
Cheibriados
Dithmenos
Elyvilon
Fedhas
Gozag
Hepliaklqana
Kikubaaqudgha
Makhleb
Nemelex Xobeh
Okawaru
Qazlal
Ru
Sif Muna
Trog
Uskayaw
Vehumet
Wu Jian
Xom
Yredelemnul
Zin
The Shining One

Shops:
Orc:2 *=:[[

Annotations:
D:14 Roxanne
Orc:2 2 transporters, Grognak's ghost, journeyman TrFi


Innate Abilities, Weirdness & Mutations

You have very sharp fingernails.
You are completely covered in thin metallic scales. (AC +4, rElec)
You sometimes emit foul miasma when damaged in melee.
A meltable icy envelope protects you from harm. (AC +0)
A meltable shield of frost defends you. (SH +0)


Message History

The naga warrior spits poison at you. The splash of poison misses you.
You reach to attack!
You impale the naga warrior!! You block the salamander's attack.
The naga spits poison at you.
The splash of poison hits you but does no damage.
You resist.
You reach to attack!
You impale the naga warrior!!
The naga warrior hits you but does no damage.
The salamander hits you but does no damage.
You reach to attack!
You hit the naga warrior. The naga hits you but does no damage.
The naga warrior spits poison at you.
The splash of poison hits you but does no damage.
You have difficulty breathing.
You feel yourself slow down. You block the salamander's attack.
A demon appears!
The naga hits you from afar with a +2 vampiric trident!!
* * * LOW HITPOINT WARNING * * *
The naga warrior hits you from afar with a +0 trident!
* * * LOW HITPOINT WARNING * * *
You block the salamander's attack. The naga hits you but does no damage.
The naga no longer looks unusually strong.
The naga warrior hits your smoke demon with a +0 trident!!
The salamander barely misses you.
The naga hits your smoke demon with a +2 vampiric trident!
Your smoke demon hits the naga warrior but does no damage. x3
The naga warrior roars a battlecry!
The naga goes into a battle-frenzy!
The salamander hits you from afar with a +0 halberd!!
* * * LOW HITPOINT WARNING * * *
You are engulfed in flames.
You resist.
* * * LOW HITPOINT WARNING * * *
Things that are here:
a +0 whip; a naga corpse You feel better.
The salamander no longer looks unusually strong.
The naga spits poison at you.
The splash of poison hits you but does no damage.
You are poisoned.
You resist.
Your smoke demon gestures at the naga warrior.
The ball of steam hits the naga warrior!!
The naga warrior dies!
Makhleb accepts your kill.
The salamander hits you from afar with a +0 halberd!
* * * LOW HITPOINT WARNING * * *
You are engulfed in flames.
You resist.
You die...

##.#####.................
#. ##.##.............
#.######.###........[...
..........##+######.....
..........# #...>.
..........# #.....
..........# .....
........^.+ ....
.......@..# ..
..........# .....^.3)N#
..##...§N.... .
#....§.......
..............
...............
...............
...............


You could see a salamander, a naga (strong, catching breath) and a friendly
smoke demon (summoned).

Vanquished Creatures
  Nikola (Snake:1)
  Gastronok (Lair:2)
  Louise (D:15)
  An ettin (D:14)
  Fannar (Lair:2)
  A fire dragon (Lair:6)
  12 hydras
  4 vault guards
  A rakshasa (D:15)
  3 anacondas (Snake:1)
  5 boulder beetles
  4 centaur warriors
  3 two-headed ogres
  4 tengu warriors
  5 death yaks (Lair:5)
  Urug (Lair:2)
  5 orc high priests
  4 naga sharpshooters
  2 shock serpents (Snake:1)
  A skeletal warrior (D:11)
  A deep troll (D:15)
  An orb spider (Lair:4)
  A naga ritualist (Snake:1)
  A lindwurm (Lair:6)
  A wizard (D:15)
  Pikel (D:6)
  A necromancer (D:15)
  5 orc knights
  5 mana vipers (Snake:1)
  2 deep elf pyromancers (D:14)
  23 ugly things
  5 cyclopes
  A manticore (D:11)
  2 orc sorcerers
  A salamander (Snake:1)
  11 elephants
  11 black mambas
  5 naga magi
  A gargoyle (D:14)
  20 cane toads
  2 torpor snails (Lair:5)
  3 molten gargoyles (Lair:6)
  An unseen horror (D:12)
  A rime drake (Lair:6)
  7 kobold demonologists
  12 komodo dragons
  2 tengu conjurers (D:13)
  3 trolls
  3 meliai (D:14)
  3 polar bears
  A hornet (D:9)
  7 slime creatures
  8 blink frogs
  4 dream sheep (Lair:2)
  A centaur simulacrum (D:14)
  A vampire (D:14)
  5 wraiths
  44 yaks
  A shadow (D:9)
  3 hogs
  6 basilisks
  7 wyverns
  3 vampire mosquitoes (D:11)
  A warg (Orc:1)
  Grum (D:10)
  3 steam dragons
  3 acid dragons
  19 water moccasins
  10 nagas
  4 hell hounds
  A sky beast (D:7)
  4 ice beasts
  A black bear (D:4)
  25 orc warriors
  A necrophage (D:8)
  7 ogres
  3 boggarts (D:13)
  20 wolves
  2 centaurs
  3 lemures (D:6)
  A phantom (D:5)
  A gnoll sergeant (D:11)
  6 kobold brigands
  11 bullfrogs
  9 wights
  3 howler monkeys (D:10)
  2 electric eels (Lair:3)
  4 lava snakes (Lair:6)
  A centaur zombie (D:9)
  A hound (D:5)
  3 gnoll shamans
  A centaur skeleton (D:7)
  28 orc priests
  12 jellies
  An iguana (D:5)
  6 orc wizards
  14 hell rats
  A killer bee zombie (D:8)
  3 hound skeletons
  21 gnolls
  9 adders
  A shadow imp (D:5)
  14 white imps
  An ufetubus (D:6)
  A worm (D:5)
  2 dart slugs
  53 orcs
  2 bats
  7 endoplasms
  3 giant cockroaches
  4 goblins
  7 hobgoblins
  9 jackals
  3 quokkas
  6 ball pythons
  3 frilled lizards
  16 kobolds
  A quokka skeleton (D:4)
  2 rats
668 creatures vanquished.

Vanquished Creatures (collateral kills)
  Kirke (Lair:5)
  Donald (Snake:1)
  A naga warrior (Snake:2)
  A shock serpent (Snake:1)
  An ugly thing (D:13)
  A komodo dragon (Lair:5)
  A vampire mosquito (D:13)
  An ogre (D:5)
  2 hell rats (Lair:5)
  An orc (D:5)
11 creatures vanquished.

Vanquished Creatures (others)
  An unseen horror (shapeshifter) (D:14)
  A bush (Lair:6)
  43 fungi
  91 plants
136 creatures vanquished.

Grand Total: 815 creatures vanquished

Notes
Turn   | Place    | Note
-------+----------+-------------------------------------------
     0 | D:1      | bladeefan the Demonspawn Fighter began the quest for the
                  | Orb.
     0 | D:1      | Reached XP level 1. HP: 18/18 MP: 1/1
   317 | D:1      | Gained mutation: You are partially covered in thin metallic
                  | scales. (AC +2) [demonic ancestry]
   317 | D:1      | Reached XP level 2. HP: 24/24 MP: 2/2
   869 | D:2      | Reached XP level 3. HP: 18/29 MP: 3/3
  1164 | D:2      | Reached skill level 4 in Fighting
  1423 | D:2      | Reached XP level 4. HP: 37/37 MP: 4/4
  1812 | D:2      | Found a faded altar of an unknown god.
  3194 | D:3      | Identified a scroll of acquirement
  3197 | D:4      | Acquired the +10 trident of Uncomfortable Rashes {pain,
                  | rElec}
  3208 | D:4      | Gained mutation: You are mostly covered in thin metallic
                  | scales. (AC +3) [demonic ancestry]
  3208 | D:4      | Reached XP level 5. HP: 43/43 MP: 5/5
  3271 | D:4      | Noticed an ogre
  3307 | D:4      | Killed an ogre
  3308 | D:4      | Reached skill level 5 in Fighting
  3308 | D:4      | Reached skill level 1 in Polearms
  3471 | D:4      | Gained mutation: You may rarely emit foul miasma when
                  | damaged in melee. [demonic ancestry]
  3471 | D:4      | Reached XP level 6. HP: 48/51 MP: 6/6
  3712 | D:5      | Entered Level 5 of the Dungeon
  3718 | D:5      | Gained mutation: You have sharp fingernails. [demonic
                  | ancestry]
  3718 | D:5      | Reached XP level 7. HP: 34/57 MP: 7/7
  3869 | D:5      | Found an ancient bone altar of Kikubaaqudgha.
  3919 | D:5      | Reached skill level 6 in Fighting
  4407 | D:5      | Found a shadowy altar of Dithmenos.
  4492 | D:5      | Found a radiant altar of Vehumet.
  4699 | D:5      | Gained mutation: You sometimes emit foul miasma when
                  | damaged in melee. [demonic ancestry]
  4699 | D:5      | Reached XP level 8. HP: 42/65 MP: 8/8
  4921 | D:6      | Reached skill level 7 in Fighting
  5101 | D:6      | Noticed Pikel
  5193 | D:6      | Killed Pikel
  5194 | D:6      | Reached skill level 5 in Armour
  5197 | D:6      | Reached skill level 8 in Fighting
  5197 | D:6      | Reached skill level 5 in Shields
  5367 | D:6      | Found a bloodstained altar of Trog.
  5816 | D:6      | Found a blossoming altar of Fedhas.
  6067 | D:7      | Reached XP level 9. HP: 29/74 MP: 9/9
  6590 | D:7      | Found a staircase to the Ecumenical Temple.
  6603 | Temple   | Entered the Ecumenical Temple
  6755 | Temple   | Became a worshipper of Makhleb the Destroyer
  7038 | D:8      | Noticed a two-headed ogre
  7054 | D:8      | Killed a two-headed ogre
  7055 | D:8      | Reached skill level 9 in Fighting
  7382 | D:8      | Reached skill level 5 in Polearms
  7546 | D:8      | Found a hazy altar of Hepliaklqana.
  8016 | D:8      | Acquired the +2 helmet "Haluabb" {Str+5}
  8020 | D:8      | Acquired a manual of Axes
  8179 | D:9      | Reached * piety under Makhleb
  8180 | D:9      | Gained mutation: You have very sharp fingernails. [demonic
                  | ancestry]
  8180 | D:9      | Reached XP level 10. HP: 44/85 MP: 10/10
  8730 | D:9      | Reached skill level 10 in Fighting
  9097 | D:10     | Entered Level 10 of the Dungeon
  9132 | D:10     | Noticed a two-headed ogre
  9140 | D:10     | Killed a two-headed ogre
  9514 | D:10     | Noticed a rust devil
  9643 | D:10     | Found a staircase to the Orcish Mines.
 10076 | D:10     | Reached skill level 11 in Fighting
 10138 | D:10     | Noticed Grum
 10153 | D:10     | Killed Grum
 10226 | D:11     | Noticed a four-headed hydra
 10241 | D:11     | Killed a four-headed hydra
 10497 | D:11     | Noticed an orange demon
 10505 | D:11     | Reached XP level 11. HP: 68/93 MP: 11/11
 10507 | D:11     | Reached ** piety under Makhleb
 10509 | D:11     | Noticed a soul eater
 10881 | D:11     | Identified the +0 pair of boots of Lugonu's Respect {Int+4
                  | Stlth+}
 10924 | D:11     | Found a staircase to the Lair.
 10926 | D:11     | Noticed a boulder beetle
 11075 | D:11     | Got Hachoid's Almanac of Creative Dislocation
 11225 | D:11     | Found the +5 scythe "Finisher" {speed, eviscerate}
 11243 | D:11     | Noticed a skeletal warrior
 11254 | D:11     | Killed a skeletal warrior
 11435 | D:11     | Reached skill level 12 in Fighting
 11502 | D:11     | Killed a boulder beetle
 11948 | Lair:1   | Entered Level 1 of the Lair of Beasts
 12461 | Lair:1   | You fall into a shaft and drop 1 floor!
 12461 | Lair:2   | Noticed Urug
 12492 | Lair:2   | Noticed Fannar
 12629 | Lair:2   | Killed Urug
 12810 | Lair:2   | Killed Fannar
 13014 | Lair:2   | Gained mutation: A meltable shield of frost defends you.
                  | (SH +0) [demonic ancestry]
 13014 | Lair:2   | Reached XP level 12. HP: 97/103 MP: 12/12
 13084 | Lair:2   | Reached skill level 13 in Fighting
 13468 | Lair:1   | Reached *** piety under Makhleb
 13753 | Lair:2   | Noticed an eight-headed hydra
 13766 | Lair:2   | Killed an eight-headed hydra
 13778 | Lair:2   | Noticed Gastronok
 13971 | Lair:2   | Killed Gastronok
 14860 | Lair:3   | Noticed a five-headed hydra
 14873 | Lair:3   | Killed a five-headed hydra
 15190 | Lair:3   | Reached skill level 14 in Fighting
 16037 | Lair:4   | Found a hole to the Spider Nest.
 16513 | Lair:4   | Noticed an eight-headed hydra
 16519 | Lair:4   | Killed an eight-headed hydra
 16532 | Lair:4   | Reached **** piety under Makhleb
 16611 | Lair:4   | HP: 2/99 [hell rat (4)]
 17343 | Lair:4   | Found a staircase to the Snake Pit.
 17386 | Lair:4   | Gained mutation: A meltable icy envelope protects you from
                  | harm. (AC +0) [demonic ancestry]
 17386 | Lair:4   | Reached XP level 13. HP: 105/105 MP: 13/13
 17699 | Lair:5   | Reached skill level 1 in Invocations
 18331 | Lair:5   | Reached skill level 10 in Armour
 18814 | Lair:5   | Reached skill level 5 in Invocations
 18956 | Lair:5   | Noticed Kirke
 19105 | Lair:5   | Killed Kirke
 19439 | Lair:6   | Entered Level 6 of the Lair of Beasts
 19446 | Lair:6   | Reached skill level 10 in Shields
 20364 | Lair:6   | Reached ***** piety under Makhleb
 20446 | Lair:6   | Reached skill level 15 in Fighting
 20946 | Lair:5   | Reached XP level 14. HP: 116/123 MP: 20/20
 21263 | Lair:5   | Reached skill level 10 in Polearms
 21766 | Lair:6   | Found a staircase to the Slime Pits.
 22163 | Lair:6   | Found a large runed translucent door.
 22304 | Lair:6   | Found a large runed translucent door.
 22510 | Snake:1  | Entered Level 1 of the Snake Pit
 22758 | Snake:1  | Noticed Donald
 22764 | Snake:1  | Noticed Nikola
 22771 | Snake:1  | Killed Donald
 23433 | Snake:1  | Reached skill level 10 in Invocations
 23694 | Snake:1  | Killed Nikola
 25551 | Orc:1    | Entered Level 1 of the Orcish Mines
 25979 | Orc:2    | Entered Level 2 of the Orcish Mines
 26072 | Orc:2    | Found a staircase to the Elven Halls.
 26144 | Orc:2    | Noticed Grognak's ghost (journeyman TrFi)
 26192 | Orc:2    | Found a transporter.
 27631 | Orc:1    | Reached ****** piety under Makhleb
 27927 | Orc:2    | Reached XP level 15. HP: 126/130 MP: 22/22
 28716 | Orc:2    | Found a transporter.
 29106 | Orc:2    | HP: 4/130 [sun demon[an orc high priest] (18)]
 29568 | Orc:2    | Found Bealot's Book Emporium.
 29571 | Orc:2    | Found Woroc's Armour Shoppe.
 29572 | Orc:2    | Found Jesaloni's Jewellery Emporium.
 29573 | Orc:2    | Found Isiyrph's Antique Armour Emporium.
 29584 | Orc:2    | Bought the ring "Diry" {rF+ rC+ Str+6} for 954 gold pieces
 29666 | Orc:2    | Found Qugra's Gadget Gallery.
 29799 | D:12     | Identified the +1 chain mail of Cocytus {rElec Int+2 Dex-3
                  | SInv}
 31907 | D:13     | Reached skill level 16 in Fighting
 33234 | D:14     | Found a gate to the Vaults.
 33947 | D:14     | Identified Roxanne's Volume of Transmigration
 33947 | D:14     | Noticed Roxanne
 35506 | D:15     | Entered Level 15 of the Dungeon
 36417 | D:15     | Gained mutation: You are completely covered in thin
                  | metallic scales. (AC +4, rElec) [demonic ancestry]
 36417 | D:15     | Reached XP level 16. HP: 93/139 MP: 23/23
 36704 | D:15     | Noticed Louise
 36732 | D:15     | Killed Louise
 36955 | D:15     | Found a staircase to the Depths.
 37438 | Snake:2  | HP: 3/136 [salamander (15)]
 37438 | Snake:2  | Slain by a salamander

Illustrated notes

Levels and vault maps discovered:
D:1:      dpeg_arrival_line_fractal, layout_loops_ring, minivault_27,
          moated_statue
D:2:      layout_loops_ring, nicolae_ecumenical_oubliette
D:3:      layout_basic
D:4:      layout_rooms
D:5:      layout_basic, mainiacjoe_overflow_brackets,
          nicolae_kikubaaqudgha_miasma_corner, lemuel_coloured_pillars_altar
D:6:      layout_basic, mainiacjoe_overflow_big_doors, uniq_pikel
D:7:      layout_rooms, minmay_temple_entry_glassed_door, minmay_misc_feat_alley
D:8:      layout_basic, lemuel_crystal_altar
D:9:      layout_irregular_city
D:10:     layout_roguey, orc_0_dummy, uniq_grum
D:11:     layout_roguey, dpeg_oklobed_lair, minmay_guarded_unrand_finisher
D:12:     layout_loops_corners
D:13:     layout_loops_ring
D:14:     layout_cave_pods, lightli_vaults_fourway_checkpoint, elyvilon_altar_5,
          uniq_roxanne
D:15:     hangedman_depths_entry_civil_slaughter, layout_cave_pools,
          minmay_tree_intersection, uniq_louise
Temple:   eino_temple_scatter_basement
Lair:1:   layout_regular_city, chequers_serial_rivers_micro_d
Lair:2:   layout_chaotic_city, infiniplex_staircase_pool_2, uniq_urug,
          uniq_gastronok, uniq_fannar
Lair:3:   layout_chaotic_city, serial_bayou_shore_a, grunt_megastairs_1,
          serial_bayou_shore_b
Lair:4:   layout_hall_layers, dummy_snake_entry,
          nicolae_spider_entry_orb_guardian, portal_ice_cave_entry_imps,
          serial_bayou_pond_c, st_stairs_13
Lair:5:   layout_cave_shapes, lemuel_fruit_tree, grunt_megastairs_3, uniq_kirke
Lair:6:   cheibrodos_lair_end_hotspot, layout_gridlike,
          minmay_slime_entry_jelly_boxes
Snake:1:  layout_chambers, drop_trap, uniq_donald, uniq_nikola
Snake:2:  layout_gridlike, uniq_vashnia
Orc:1:    layout_caves
Orc:2:    st_orc_pillars, layout_caves, gammafunk_ghost_stat_death,
          nicolae_shop_gadgets

Skill      XL: |  1  2  3  4  5  6  7  8  9 10 11 12 13 14 15 |
---------------+----------------------------------------------+-----
Maces & Flails | 2 |  2.7
Armour         | 3 4 5 6 7 8 9 10 11 12 | 12.4
Fighting       | 4 5 6 8 9 11 12 14 15 16 | 16.5
Polearms       | 1 2 4 5 6 7 8 9 11 13 | 13.4
Shields        | 3 4 5 6 7 8 9 10 11 12 | 12.3
Invocations    | 8 10 | 10.5

Action                   |  1- 3 |  4- 6 |  7- 9 | 10-12 | 13-15 | 16-18 || total
-------------------------+-------+-------+-------+-------+-------+-------++-------
Melee: Flail             |    89 |    86 |       |       |       |       ||   175
       Trident           |       |    46 |   262 |   723 |  1800 |    88 ||  2919
Invok: Lesser Servant of |       |       |       |       |     8 |     1 ||     9
       Greater Servant o |       |       |       |       |     2 |       ||     2
       Major Destruction |       |       |       |       |     2 |       ||     2
  Use: Potion            |     1 |       |       |     4 |     7 |     1 ||    13
       Scroll            |       |     6 |     7 |    12 |    18 |     2 ||    45
 Stab: Distracted        |       |       |       |       |     3 |       ||     3
Armor: Scale mail        |    52 |    40 |       |       |       |       ||    92
       Plate armour      |       |    58 |   173 |   457 |  1180 |    44 ||  1912
Dodge: Dodged            |    49 |    49 |    59 |   179 |   614 |    23 ||   973
Block: Buckler           |    18 |    30 |    72 |   250 |   559 |       ||   929
       Kite shield       |       |       |       |       |   648 |    54 ||   702
       Reflection        |       |       |       |       |    32 |     4 ||    36

Table legend: (Time is in decaauts)
 A = Elapsed time spent in this place.
 B = Non-inter-level travel time spent in this place.
 C = Inter-level travel time spent in this place.
 D = Time resting spent in this place.
 E = Time spent auto-exploring this place.
 F = Levels seen in this place.
 G = Mean time per level.
                   A        B        C        D        E       F      G
               +--------+--------+--------+--------+--------+-----+--------+
         Total |  37282 |  36087 |   1195 |  12009 |  17447 |  26 | 1433.9 |
       Dungeon |  19245 |  18622 |    623 |   5843 |   9558 |  15 | 1283.0 |
        Temple |    202 |    188 |     14 |      0 |    103 |   1 |  202.0 |
          Lair |  10683 |  10243 |    440 |   2773 |   5291 |   6 | 1780.5 |
     Snake Pit |   3040 |   2952 |     88 |   1026 |   1516 |   2 | 1520.0 |
  Orcish Mines |   4110 |   4081 |     29 |   2367 |    979 |   2 | 2055.0 |
               +--------+--------+--------+--------+--------+-----+--------+

Top non-repeatable levels by time:
  Lair:5: 3054 daAuts
    D:13: 2994 daAuts
   Orc:1: 2963 daAuts
 Snake:1: 2866 daAuts
    D:14: 2167 daAuts
    D:11: 1776 daAuts
  Lair:6: 1678 daAuts
  Lair:2: 1627 daAuts
  Lair:4: 1509 daAuts
  Lair:3: 1455 daAuts
     D:2: 1359 daAuts
  Lair:1: 1358 daAuts
    D:10: 1223 daAuts
     D:5: 1181 daAuts
   Orc:2: 1146 daAuts
